 Dungeon Crawl Stone Soup version 0.22-a0-533-g4d20840 (webtiles) character file.

80496 Hebeh the Severer (level 15, -16/139 HPs)
             Began as a Deep Dwarf Fighter on June 22, 2018.
             Was the Champion of Makhleb.
             Killed from afar by a deep elf knight (33 damage)
             ... with a shard of ice
             ... on level 1 of the Elven Halls.
             The game lasted 02:47:23 (19918 turns).

Hebeh the Severer (Deep Dwarf Fighter)             Turns: 19918, Time: 02:47:24

Health: -16/139    AC: 22    Str: 27    XL:     15   Next: 24%
Magic:  4/4        EV: 12    Int:  8    God:    Makhleb [******]
Gold:   1980       SH: 14    Dex: 12    Spells: 19/19 levels left

rFire    + . .     SeeInvis .   X - +4 war axe
rCold    . . .     Gourm    .   c - +0 shield
rNeg     + . .     Faith    .   T - +2 chain mail {rF+}
rPois    .         Spirit   .   h - +0 helmet
rElec    .         Reflect  .   P - +2 cloak {MR+}
rCorr    +         Harm     .   R - +0 pair of gloves
MR       ++++.                  x - +0 pair of boots
Stlth    ..........             (no amulet)
HPRegen  0.00/turn              N - ring of resist corrosion
MPRegen  0.09/turn              i - ring of protection from magic

@: non-regenerating
A: damage resistance, heal wounds, negative energy resistance 1, sense
surroundings 2, no regeneration
a: Heal Wounds, Minor Destruction, Lesser Servant of Makhleb, Major Destruction,
Greater Servant of Makhleb, Renounce Religion


You were on level 1 of the Elven Halls.
You worshipped Makhleb.
Makhleb was exalted by your worship.
You were not hungry.

You visited 5 branches of the dungeon, and saw 22 of its levels.
You also visited: Ice Cave.

You collected 2227 gold pieces.
You spent 247 gold pieces at shops.

Inventory:

Hand Weapons
 a - a +1 hand axe of electrocution
 b - a +2 flail of draining
 S - a +0 blowgun
 X - a +4 war axe (weapon)
Armour
 c - a +0 shield (worn)
 h - a +0 helmet (worn)
 x - a +0 pair of boots (worn)
 O - the +3 plate armour "Jitotemm" {*Contam MR+ Int+4 Stlth+}
   (You took it off an orc on level 12 of the Dungeon)

   It affects your intelligence (+4).
   It affects your resistance to hostile enchantments.
   It causes magical contamination when unequipped.
   It makes you more stealthy.
 P - a +2 cloak of magic resistance (worn)
 R - a +0 pair of gloves (worn)
 T - a +2 chain mail of fire resistance (worn)
 V - a +2 plate armour of cold resistance
 W - a +2 chain mail of poison resistance
Jewellery
 i - a ring of protection from magic (right hand)
 z - a +6 ring of strength
 A - a +2 ring of evasion
 F - the ring "Riow" {+Inv Stlth+}
   (You found it on level 1 of the Lair of Beasts)

   [ring of stealth]

   It lets you turn invisible.
   It makes you more stealthy.
 M - an uncursed amulet of harm
 N - a ring of resist corrosion (left hand)
Wands
 u - a wand of acid (7)
 v - a wand of scattershot (7)
 y - a wand of flame (121)
 G - a wand of enslavement (6)
 I - a wand of paralysis (29)
 K - a wand of digging (35)
Scrolls
 j - 4 scrolls of remove curse
 m - a scroll of fear
 p - 4 scrolls of identify
 w - 5 scrolls of enchant weapon
 B - a scroll of amnesia
 E - a scroll of fog
 J - 3 scrolls of magic mapping
Potions
 d - 2 potions of might
 e - 8 potions of heal wounds
 l - a potion of mutation {unknown}
 n - 2 potions of magic {unknown}
 o - 3 potions of agility
 q - a potion of invisibility {unknown}
 r - 5 potions of flight
 s - a potion of berserk rage {unknown}
 t - a potion of resistance {unknown}
 D - 3 potions of curing {unknown}
 L - a potion of lignification {unknown}
 U - a potion of haste {unknown}
Miscellaneous
 g - a lightning rod (4/4)
 C - a phial of floods
 Q - a fan of gales
 Y - a phantom mirror
Comestibles
 f - 47 rations
 k - 8 chunks of flesh


   Skills:
 + Level 10.3 Fighting
 - Level 15.4(16.0) Axes
 - Level 6.9(11.6) Maces & Flails
 + Level 12.0 Armour
 - Level 7.4 Dodging
 - Level 3.4 Stealth
 + Level 13.8 Shields
 - Level 2.6 Spellcasting
 + Level 9.6 Evocations


You had 19 spell levels left.
You didn't know any spells.
Your spell library contained the following spells:

 Spells                   Type           Power        Failure   Level  Hunger
 Cause Fear               Hex            #.........   100%        4    #####..
 Apportation              Tloc           #.....       85%         1    ##.....
 Lightning Bolt           Conj/Air       #.........   100%        5    ######.
 Slow                     Hex            #.......     94%         2    ###....
 Mephitic Cloud           Conj/Pois/Air  #.......     99%         3    ####...
 Venom Bolt               Conj/Pois      #.........   100%        5    ######.
 Olgreb's Toxic Radiance  Pois           #.......     100%        4    #####..
 Teleport Other           Tloc           #.......     99%         3    ####...
 Summon Small Mammal      Summ           #...         85%         1    ##.....
 Blink                    Tloc           N/A          94%         2    ###....
 Animate Skeleton         Necr           N/A          85%         1    ##.....
 Sting                    Conj/Pois      #...         85%         1    ##.....
 Shock                    Conj/Air       #...         85%         1    ##.....
 Swiftness                Chrm/Air       #.......     94%         2    ###....
 Airstrike                Air            #.........   100%        4    #####..
 Confusing Touch          Hex            #.....       85%         1    ##.....
 Static Discharge         Conj/Air       #.......     99%         3    ####...
 Corona                   Hex            #......      85%         1    ##.....
 Portal Projectile        Hex/Tloc       #.....       99%         3    ####...
 Passage of Golubria      Tloc           N/A          100%        4    #####..
 Leda's Liquefaction      Hex/Erth       #.........   100%        4    #####..
 Shroud of Golubria       Chrm/Tloc      #.........   94%         2    ###....
 Inner Flame              Hex/Fire       #.......     99%         3    ####...
 Gell's Gravitas          Tloc           #.........   99%         3    ####...
 Lesser Beckoning         Tloc           #.........   99%         3    ####...
 Poisonous Vapours        Pois/Air       #.....       94%         2    ###....


Dungeon Overview and Level Annotations

Branches:
Dungeon (12/15)            Temple (1/1) D:5            Lair (6/6) D:11
 Shoals (0/4) Lair:3       Spider (0/4) Lair:3        Slime (0/5) Lair:6
    Orc (2/2) D:11            Elf (1/3) Orc:2

Altars:
Ashenzari
Dithmenos
Fedhas
Gozag
Makhleb
Nemelex Xobeh
Okawaru
Qazlal
Ru
Sif Muna
Trog
Vehumet
Xom
Yredelemnul
Zin
The Shining One
Beogh
Jiyva

Shops:
D:7 }   D:11 [   Orc:2 :[%?

Portals:
Pandemonium: Orc:2

Annotations:
Elf:1 Agnes


Innate Abilities, Weirdness & Mutations

You are resistant to damage.
You can heal yourself by infusing magical energy.
You resist negative energy. (rN+)
You passively map the area around you.
You do not regenerate.


Message History

Agnes hits you but does no damage.
Unknown command.
Your magical essence is drained by the effort!
You feel much better.
The deep elf knight hits you but does no damage.
You block something's attack. You block Agnes's attack. Something hits you!
The deep elf knight hits you but does no damage.
A demon appears!
Agnes hits you with a lajatang of electrocution!
You hear some strange, mumbled words.
A shard of ice appears from out of thin air!
The shard of ice hits you!
* * * LOW HITPOINT WARNING * * *
Something hits you. You block the deep elf knight's attack.
Agnes hits you with a lajatang of electrocution.
* * * LOW HITPOINT WARNING * * *
You hear some strange, mumbled words.
A shard of ice appears from out of thin air!
The shard of ice hits you!
You die...

. * **
#.........'.'.........
. ,
+.........###.(.......
., * #.........#
#......... .##
##.......####'.......#
#e##
+#..#######.##.....##
##.######
####...##'#########
##'#...##+* #.1.....##
###.......#* #{......#
..'......)#####i@{....#
###......('...'e..)...#
#.......#####.......#
#.......# ###...###
###...### ##### #####


You could see Agnes, a deep elf knight and a friendly Executioner.

Vanquished Creatures
  Gastronok (Lair:1)
  Azrael (D:12)
  6 hydras
  6 two-headed ogres
  A dancing weapon (Elf:1)
  4 death yaks (Lair:1)
  Sonja (Lair:1)
  4 soul eaters (Orc:2)
  5 orc high priests
  A deep elf knight (Orc:2)
  A sun demon (Orc:2)
  A deep elf archer (Orc:2)
  2 gelid demonspawn
  2 infernal demonspawn
  3 ugly things
  7 orc knights
  8 orc sorcerers
  2 manticores
  11 deep elf magi
  2 cyclopes
  4 elephants (Lair:6)
  A merfolk siren (Lair:3)
  A guardian serpent (shapeshifter) (D:8)
  2 black mambas
  22 spiny frogs
  10 komodo dragons
  2 ice devils (Lair:3)
  7 trolls
  4 tyrant leeches (Lair:6)
  A queen bee (Lair:1)
  3 polar bears
  Prince Ribbit (D:9)
  5 dream sheep (Lair:6)
  7 hippogriffs
  13 blink frogs
  3 wyverns
  A vampire (D:8)
  A redback (Lair:3)
  A shadow (D:11)
  4 hogs (D:8)
  21 yaks
  A chaos spawn (Orc:2)
  A human (D:8)
  2 hungry ghosts
  2 fire elementals (D:12)
  6 vampire mosquitoes (Lair:6)
  A neqoxec (Orc:2)
  2 wargs (Orc:1)
  A soldier ant (D:12)
  8 water moccasins
  5 hell hounds (D:12)
  11 porcupines
  33 orc warriors
  3 ice beasts
  8 sky beasts
  2 black bears (D:8)
  13 ogres
  25 wolves
  2 necrophages
  A phantom (D:7)
  6 crocodiles
  8 centaurs
  3 big kobolds
  32 bullfrogs
  3 scorpions
  28 killer bees
  6 electric eels
  7 howler monkeys
  A centaur zombie (D:7)
  3 crimson imps
  A quasit (D:12)
  3 centaur skeletons
  3 hounds
  4 jellies
  A bullfrog skeleton (D:10)
  20 orc priests
  3 bullfrog zombies
  Jessica (D:2)
  Terence (D:2)
  2 iguanas
  14 orc wizards
  9 worker ants
  2 hound zombies
  3 worker ant zombies
  A howler monkey skeleton (D:4)
  10 gnolls
  16 adders
  A river rat (Lair:6)
  6 shadow imps
  An ooze (D:1)
  A dart slug (D:5)
  4 leopard geckos
  90 orcs
  4 giant cockroaches
  4 goblins
  5 hobgoblins
  5 jackals
  18 kobolds
  5 quokkas
  A ball python skeleton (D:5)
  9 bats
  6 frilled lizards
  A jackal skeleton (D:3)
  A leopard gecko skeleton (D:8)
  A leopard gecko zombie (D:5)
  7 rats
  17 bushes (Lair:1)
  4 fungi
  43 plants
735 creatures vanquished.

Vanquished Creatures (collateral kills)
  An orc high priest (Orc:2)
1 creature vanquished.

Vanquished Creatures (others)
  A wizard (D:9)
  A yak (IceCv)
  A bush (Lair:1)
  7 fungi
  22 plants
32 creatures vanquished.

Grand Total: 768 creatures vanquished

Notes
Turn   | Place    | Note
-------+----------+-------------------------------------------
     0 | D:1      | Hebeh the Deep Dwarf Fighter began the quest for the Orb.
     0 | D:1      | Reached XP level 1. HP: 20/20 MP: 1/1
    67 | D:1      | Reached XP level 2. HP: 22/27 MP: 2/2
   665 | D:2      | Reached XP level 3. HP: 26/34 MP: 3/3
   767 | D:2      | Noticed Terence
   775 | D:2      | Noticed Jessica
   784 | D:2      | Killed Terence
   784 | D:2      | Reached skill level 3 in Axes
   784 | D:2      | Killed Jessica
   784 | D:2      | Reached XP level 4. HP: 21/42 MP: 4/4
   792 | D:2      | Found a stormy altar of Qazlal.
   947 | D:2      | Found an opulent altar of Gozag.
   948 | D:2      | Found a glowing silver altar of Zin.
  1465 | D:3      | Reached skill level 1 in Dodging
  1591 | D:3      | Reached XP level 5. HP: 41/49 MP: 5/5
  1705 | D:3      | Reached skill level 4 in Axes
  1745 | D:3      | Found a bloodstained altar of Trog.
  1755 | D:3      | Found a glowing golden altar of the Shining One.
  1757 | D:3      | Found an iron altar of Okawaru.
  1765 | D:3      | Found a shattered altar of Ashenzari.
  1767 | D:3      | Found a radiant altar of Vehumet.
  2222 | D:4      | Reached XP level 6. HP: 43/56 MP: 6/6
  2334 | D:4      | HP: 1/56 [orc priest/war axe (3)]
  2843 | D:5      | Entered Level 5 of the Dungeon
  3056 | D:5      | Found a staircase to the Ecumenical Temple.
  3081 | Temple   | Entered the Ecumenical Temple
  3102 | Temple   | Became a worshipper of Makhleb the Destroyer
  3117 | D:5      | Reached skill level 5 in Axes
  3293 | D:5      | Noticed a sky beast
  3300 | D:5      | Killed a sky beast
  3300 | D:5      | Reached XP level 7. HP: 12/63 MP: 6/6
  3426 | D:5      | Reached skill level 5 in Shields
  3866 | D:6      | Reached skill level 5 in Armour
  4026 | D:6      | Reached skill level 6 in Axes
  4027 | D:6      | Reached * piety under Makhleb
  4318 | D:7      | Reached XP level 8. HP: 43/72 MP: 6/6
  4336 | D:7      | Reached skill level 1 in Stealth
  4429 | D:7      | Reached skill level 7 in Axes
  4633 | D:7      | Reached skill level 8 in Axes
  4651 | D:7      | Reached ** piety under Makhleb
  4697 | D:7      | Gained mutation: You passively map the area around you. [Deep Dwarf growth]
  4697 | D:7      | Reached XP level 9. HP: 39/80 MP: 7/7
  4757 | D:7      | Found Tirih's Gadget Boutique.
  5110 | D:8      | Reached skill level 9 in Axes
  5126 | D:8      | Reached skill level 5 in Fighting
  5259 | D:8      | Found a roughly hewn altar of Beogh.
  5289 | D:8      | Noticed a two-headed ogre
  5313 | D:8      | Reached *** piety under Makhleb
  5327 | D:8      | Reached skill level 10 in Axes
  5329 | D:8      | Noticed a troll
  5344 | D:8      | Killed a two-headed ogre
  5344 | D:8      | Noticed a guardian serpent
  5344 | D:8      | a troll changed into a guardian serpent
  5352 | D:8      | Killed a guardian serpent
  5352 | D:8      | Reached XP level 10. HP: 50/88 MP: 6/6
  6043 | D:8      | Identified a scroll of acquirement
  6126 | D:9      | Reached skill level 11 in Axes
  6140 | D:9      | Found a blossoming altar of Fedhas.
  6214 | D:9      | Noticed Prince Ribbit
  6238 | D:9      | Reached skill level 5 in Dodging
  6242 | D:9      | Reached **** piety under Makhleb
  6256 | D:9      | Killed Prince Ribbit
  6377 | D:9      | Noticed a two-headed ogre
  6393 | D:9      | Killed a two-headed ogre
  6560 | D:9      | Found a bloodstained altar of Trog.
  6561 | D:9      | Noticed a wizard
  6566 | D:9      | Killed a wizard
  6608 | D:10     | Entered Level 10 of the Dungeon
  6710 | D:10     | Noticed a two-headed ogre
  6712 | D:10     | Noticed a two-headed ogre
  6722 | D:10     | Killed a two-headed ogre
  6722 | D:10     | Reached XP level 11. HP: 59/97 MP: 7/7
  6725 | D:10     | Killed a two-headed ogre
  7252 | D:11     | Noticed a brown ugly thing
  7269 | D:11     | Killed a brown ugly thing
  7269 | D:11     | Reached skill level 10 in Shields
  7334 | D:11     | Reached skill level 12 in Axes
  7357 | D:11     | Reached ***** piety under Makhleb
  7366 | D:11     | Noticed a two-headed ogre
  7385 | D:11     | Killed a two-headed ogre
  7528 | D:11     | Noticed a seven-headed hydra
  7561 | D:11     | Killed a seven-headed hydra
  7561 | D:11     | Reached skill level 1 in Maces & Flails
  7779 | D:11     | Found a staircase to the Orcish Mines.
  7947 | D:11     | Found Rileaxte's Antique Armour Emporium.
  8114 | D:11     | Found a staircase to the Lair.
  8215 | Lair:1   | Entered Level 1 of the Lair of Beasts
  8229 | Lair:1   | Reached XP level 12. HP: 103/109 MP: 7/7
  8501 | D:12     | Noticed a two-headed ogre
  8517 | D:12     | Killed a two-headed ogre
  8539 | D:12     | Got a heavily runed plate armour
  8564 | D:11     | Identified the +3 plate armour "Jitotemm" {*Contam MR+ Int+4 Stlth+} (You took it off an orc on level 12 of the Dungeon)
  8919 | D:12     | Noticed a six-headed hydra
  8931 | D:12     | Killed a six-headed hydra
  9668 | D:12     | Noticed Azrael
  9709 | D:12     | Killed Azrael
  9709 | D:12     | Reached skill level 13 in Axes
  9835 | Orc:1    | Entered Level 1 of the Orcish Mines
 10113 | Lair:1   | Reached skill level 1 in Evocations
 10336 | Lair:1   | Got a vibrating bone ring
 10476 | Lair:1   | Noticed a death yak
 10478 | Lair:1   | Noticed a death yak
 10479 | Lair:1   | Noticed a death yak
 10479 | Lair:1   | Noticed a death yak
 10495 | Lair:1   | Killed a death yak
 10505 | Lair:1   | Killed a death yak
 10515 | Lair:1   | Killed a death yak
 10515 | Lair:1   | Killed a death yak
 10564 | Lair:1   | Noticed Gastronok
 10598 | Lair:1   | Killed Gastronok
 10598 | Lair:1   | Reached XP level 13. HP: 98/118 MP: 9/9
 11235 | Lair:2   | Noticed Sonja
 11275 | Lair:1   | Killed Sonja
 11275 | Lair:1   | Reached skill level 10 in Armour
 11325 | Lair:1   | Identified the ring "Riow" {+Inv Stlth+} (You found it on level 1 of the Lair of Beasts)
 11375 | Lair:2   | Reached skill level 14 in Axes
 11734 | Lair:2   | Reached ****** piety under Makhleb
 12704 | Lair:3   | Found a staircase to the Shoals.
 12734 | Lair:3   | Found a hole to the Spider Nest.
 12819 | Lair:3   | Found a frozen archway.
 12833 | IceCv    | Entered an ice cave
 12846 | IceCv    | Reached skill level 5 in Evocations
 14190 | Lair:4   | You fall through a shaft for 2 floors!
 14190 | Lair:6   | Entered Level 6 of the Lair of Beasts
 14619 | Lair:6   | Reached skill level 5 in Maces & Flails
 14630 | Lair:6   | Gained mutation: You resist negative energy. (rN+) [Deep Dwarf growth]
 14630 | Lair:6   | Reached XP level 14. HP: 129/129 MP: 11/11
 15263 | Lair:6   | Found a runed door.
 15263 | Lair:6   | Found a viscous altar of Jiyva.
 15263 | Lair:6   | Found a staircase to the Slime Pits.
 15263 | Lair:6   | Noticed an azure jelly
 15263 | Lair:6   | Noticed an azure jelly
 16970 | Orc:2    | Entered Level 2 of the Orcish Mines
 17184 | Orc:2    | Found Ujeck's Magic Scroll Emporium.
 17196 | Orc:2    | Found Mofraub's Food Shoppe.
 17225 | Orc:2    | Reached skill level 1 in Spellcasting
 17292 | Orc:2    | Reached skill level 15 in Axes
 17315 | Orc:2    | Bought a scroll of identify for 26 gold pieces
 17315 | Orc:2    | Bought 3 scrolls of identify for 78 gold pieces
 17315 | Orc:2    | Bought 3 scrolls of teleportation for 117 gold pieces
 17315 | Orc:2    | Bought a scroll of identify for 26 gold pieces
 17657 | Orc:1    | Found a roughly hewn altar of Beogh.
 18059 | Orc:2    | Reached skill level 10 in Fighting
 18065 | Orc:2    | Found Goirungu's Jewellery Shop.
 18103 | Orc:2    | Found a staircase to the Elven Halls.
 18685 | Orc:1    | Reached XP level 15. HP: 99/138 MP: 5/5
 19013 | Orc:2    | Found Gosakej's Book Shop.
 19013 | Orc:2    | Found Pipn's Antique Armour Boutique.
 19014 | Orc:2    | Found a one-way gate leading to the halls of Pandemonium.
 19354 | Elf:1    | Entered Level 1 of the Elven Halls
 19882 | Elf:1    | Noticed Agnes
 19918 | Elf:1    | Killed from afar by a deep elf knight

Vault maps used:
D:1:      ncdulo_watergridlock
D:2:      grunt_temple_overflow_gold_and_silver, moated_statue,
          grunt_qazlal_clouds, uniq_jessica, uniq_terence
D:3:      grunt_temple_overflow_open
D:4:      first_ration
D:5:      minmay_temple_entry_trees
D:6:      hangedman_abyss_or_decor_passed
D:7:      serial_shops, shop
D:8:      special_room, grunt_livestock, minmay_diamond_spiral
D:9:      fedhas_altar_3, trog_wizard, uniq_prince_ribbit1
D:10:     minmay_misc_feat_nine_boxes
D:11:     david_lair_shrubbed, orc_0_dummy, serial_shops,
          nicolae_shop_statue_plus
D:12:     wad_pebble_path, uniq_azrael
Temple:   nicolae_temple_great_sept
Lair:1:   serial_forest, infiniplex_forest_zigzag_2, infiniplex_forest_pool,
          infiniplex_forest_zigzag_1, infiniplex_forest_zigzag_1,
          infiniplex_forest_clump_double, infiniplex_forest_clump_curved,
          serial_bayou_shore_b, uniq_gastronok
Lair:2:   serial_forest, infiniplex_forest_straight_4,
          infiniplex_forest_lined_3, infiniplex_forest_straight_1,
          infiniplex_forest_corner_2, infiniplex_forest_clump_curved,
          infiniplex_forest_pool, infiniplex_forest_straight_3,
          infiniplex_forest_lined_ring, uniq_sonja
Lair:3:   minmay_shoals_entry_lonely_mermaid, spider_nest_entry_webs,
          portal_ice_cave_demonic_guard, infiniplex_staircase_pool
Lair:4:   st_stairs_6
Lair:5:   serial_bayou_lagoon_b, infiniplex_staircase_pool_2,
          grunt_megastairs_4, lemuel_fruit_tree
Lair:6:   minmay_lair_end_frog_pond, slime_altar_2, pond
Orc:1:    mines2_david
Orc:2:    pf_orc_diabolical, serial_shops, shop
Elf:1:    minmay_elf_arrival_plus, serial_shops, bzr_entry_road,
          minmay_elf_demonology, sword_in_stone
IceCv:    ice_cave_caverns_02

Skill      XL: |  1  2  3  4  5  6  7  8  9 10 11 12 13 14 15 |
---------------+----------------------------------------------+-----
Fighting       | 3 4 5 6 7 8 9 10 | 10.3
Axes           | 3 4 5 6 8 10 11 12 13 14 15 | 15.4
Dodging        | 1 2 3 4 5 6 7 |  7.4
Armour         | 4 5 7 8 9 10 11 12 | 12.0
Shields        | 4 5 6 7 9 10 12 13 | 13.8
Stealth        | 1 2 3 |  3.4
Maces & Flails | 2 3 5 6 |  6.9
Evocations     | 3 6 9 |  9.6
Spellcasting   | 2 |  2.6

Action                   |  1- 3 |  4- 6 |  7- 9 | 10-12 | 13-15 || total
-------------------------+-------+-------+-------+-------+-------++-------
Melee: War axe           |    88 |   242 |   310 |    12 |   222 ||   874
       Hand axe          |       |       |       |   920 |  1353 ||  2273
       Flail             |       |       |       |    28 |   116 ||   144
Invok: Greater Servant o |       |       |       |       |     1 ||     1
 Abil: Heal Wounds       |       |     6 |    11 |    11 |    39 ||    67
       Evoke Invisibilit |       |       |       |       |     1 ||     1
Evoke: Wand              |       |       |       |       |     7 ||     7
       Phial of floods   |       |       |       |       |     2 ||     2
  Use: Scroll            |       |     4 |       |    14 |    16 ||    34
 Stab: Paralysed         |       |       |       |       |     3 ||     3
  Eat: Chunk             |       |     8 |     9 |     8 |    15 ||    40
       Ration            |       |       |       |     3 |     5 ||     8
Armor: Scale mail        |    50 |   129 |   126 |   287 |    63 ||   655
       Chain mail        |       |       |       |       |   370 ||   370
Dodge: Dodged            |    35 |    79 |   127 |   367 |   444 ||  1052
Block: Shield            |    51 |   144 |   220 |   532 |   757 ||  1704

Table legend:
 A = Spawn XP
 B = Non-spawn XP
 C = Spawn XP percentage of total XP
 D = Spawn monster count
 E = Non-spawn monster count
 F = Spawn count percentage of total count
 G = Total turns spent on level
                    A         B        C        D         E        F      G
               +---------+---------+-------+---------+---------+-------+---------
         Total |       0 |  114995 |   0.0 |       0 |     672 |   0.0 | 19918
               +---------+---------+-------+---------+---------+-------+---------
           D:1 |       0 |      30 |   0.0 |       0 |      15 |   0.0 |   486
           D:2 |       0 |      89 |   0.0 |       0 |      12 |   0.0 |   704
           D:3 |       0 |     160 |   0.0 |       0 |      28 |   0.0 |   744
           D:4 |       0 |     248 |   0.0 |       0 |      15 |   0.0 |  1013
           D:5 |       0 |     327 |   0.0 |       0 |      17 |   0.0 |   813
           D:6 |       0 |     368 |   0.0 |       0 |      12 |   0.0 |   444
           D:7 |       0 |    2063 |   0.0 |       0 |      44 |   0.0 |   867
           D:8 |       0 |    4868 |   0.0 |       0 |      61 |   0.0 |   987
           D:9 |       0 |    2187 |   0.0 |       0 |      20 |   0.0 |   518
          D:10 |       0 |    3499 |   0.0 |       0 |      29 |   0.0 |   631
          D:11 |       0 |    7728 |   0.0 |       0 |      33 |   0.0 |  1476
          D:12 |       0 |    8603 |   0.0 |       0 |      33 |   0.0 |  1297
        Lair:1 |       0 |   10802 |   0.0 |       0 |      46 |   0.0 |  1493
        Lair:2 |       0 |    3252 |   0.0 |       0 |      18 |   0.0 |  1018
        Lair:3 |       0 |    3823 |   0.0 |       0 |      13 |   0.0 |   989
        Lair:4 |       0 |    3066 |   0.0 |       0 |      14 |   0.0 |   862
        Lair:5 |       0 |    3796 |   0.0 |       0 |      21 |   0.0 |   828
        Lair:6 |       0 |   23010 |   0.0 |       0 |      90 |   0.0 |  1257
         Orc:1 |       0 |    7625 |   0.0 |       0 |      52 |   0.0 |  1052
         Orc:2 |       0 |   24046 |   0.0 |       0 |      85 |   0.0 |  1735
         Elf:1 |       0 |    4229 |   0.0 |       0 |       7 |   0.0 |   431
         IceCv |       0 |    1176 |   0.0 |       0 |       7 |   0.0 |   241
               +---------+---------+-------+---------+---------+-------+---------
